 Dungeon Crawl Stone Soup version 0.20-a0-277-g7db01f4 (webtiles) character file.

375 tsouns the Sneak (level 6, -2/47 HPs)
             Began as a Demonspawn Wanderer on Dec 11, 2016.
             Was a Follower of Kikubaaqudgha.
             Killed by divine providence
             ... invoked by an orc priest
              (14 damage)
             ... on level 4 of the Dungeon.
             The game lasted 00:16:35 (4490 turns).

tsouns the Sneak (Demonspawn Wanderer)              Turns: 4490, Time: 00:16:37

Health: -2/47      AC:  5    Str: 10    XL:     6   Next: 44%
Magic:  6/6        EV: 12    Int: 17    God:    Kikubaaqudgha [*.....]
Gold:   155        SH:  0    Dex: 13    Spells: 4/5 levels left

rFire  + . .     SeeInvis .     a - +3 dagger
rCold  . . .     Gourm    .     e - +0 robe
rNeg   . . .     Faith    .     (no shield)
rPois  .         Spirit   .     (no helmet)
rElec  .         Reflect  .     i - +0 cloak
rCorr  .         Harm     .     (no gloves)
MR     .....                    (no boots)
Stlth  +++.......               (no amulet)
                                (no ring)
                                r - ring of protection from fire

@: no status effects
A: hooves 2, thin metallic scales 1
a: Receive Corpses, Renounce Religion


You were on level 4 of the Dungeon.
You worshipped Kikubaaqudgha.
Kikubaaqudgha was aware of your devotion.
You were hungry.

You visited 1 branch of the dungeon, and saw 4 of its levels.

You collected 155 gold pieces.

Inventory:

Hand Weapons
 a - a +3 dagger (weapon)
 d - a +0 spear
Missiles
 n - 63 stones
 v - 7 tomahawks (quivered)
Armour
 e - a +0 robe (worn)
 i - a +0 cloak (worn)
Jewellery
 k - an uncursed ring of ice
 r - a ring of protection from fire (left hand)
Wands
 j - a wand of iceblast (11/15)
Potions
 b - 2 potions of heal wounds
 c - a potion of curing
 g - a potion of resistance
 o - a potion of cancellation {unknown}
 s - a potion of agility
Books
 h - Kikubaaqudgha's Collected Works on Evil
   (Kikubaaqudgha gifted it to you on level 4 of the Dungeon)

   Spells                             Type                      Level
   a - Pain                           Necromancy                   1
   b - Corpse Rot                     Necromancy                   2
   c - Sublimation of Blood           Necromancy                   2
   d - Regeneration                   Charms/Necromancy            3
   e - Control Undead                 Necromancy                   4
 t - Kikubaaqudgha's Disquisition on Evil
   (You found it on level 3 of the Dungeon)

   Spells                             Type                      Level
   a - Pain                           Necromancy                   1
Comestibles
 f - 2 bread rations
 m - 3 meat rations


   Skills:
 - Level 3.1 Fighting
 + Level 3.5 Short Blades
 - Level 1.7 Armour
 - Level 1.7 Dodging
 + Level 5.3 Stealth
 - Level 1.0 Evocations


You had 4 spell levels left.
You knew the following spells:

 Your Spells              Type           Power        Failure   Level  Hunger
a - Pain                  Necr           #...         24%         1    ##.....


Dungeon Overview and Level Annotations

Branches:
Dungeon (4/15)
 Temple: D:4-7

Altars:
Kikubaaqudgha
Sif Muna
Vehumet

Annotations:
D:3 Roxy's ghost, amateur FoFi


Innate Abilities, Weirdness & Mutations

You have hoof-like feet.
You are partially covered in thin metallic scales. (AC +2)


Message History

You are too injured to fight recklessly!
You closely miss the orc priest.
The orc priest is severely wounded.
The orc hits you but does no damage. The orc priest closely misses you.
You hit the orc priest.
You kick the orc priest, but do no damage.
The orc priest is almost dead.
The orc hits you with a club. The orc priest misses you.
You barely miss the orc priest.
You kick the orc priest, but do no damage.
The orc priest is almost dead.
The orc hits you with a club.
* * * LOW HITPOINT WARNING * * *
You hit the orc priest.
You kick the orc priest, but do no damage.
The orc priest is almost dead.
The orc priest mumbles some strange prayers to Beogh against you.
Beogh smites you!
You die...
Kikubaaqudgha rasps: "You have failed me!
Welcome... death!"

#...###...#.#
#..
#..#..o.###.#
#)# #.#.....#
#.# #.#
#.#.#.### #.#
#.# #.#.#.#
#.# #.#
#.#.#.# #.#
#### #.#
#.#(#.# #.#
..... #.#
#.....#####.#
......#.#
#....o@.....#
........>
##...o#######
.........
##.#.#
.........
#.#.#
......#.#
######.#.#
......#.#
#.........#
##..###.#
#.######.##
##.# #.# #.#
#.# #.# #.#
#.# #.


You could see an orc priest and an orc.

Vanquished Creatures
  An ogre (D:4)
  A crimson imp (D:2)
  An orc priest (D:3)
  An orc wizard (D:4)
  3 worker ants
  5 adders
  An ooze (D:1)
  3 worms
  A leopard gecko (D:1)
  5 orcs
  A ball python (D:1)
  5 bats
  7 goblins
  12 hobgoblins
  3 jackals (D:3)
  7 kobolds
  3 quokkas
  2 frilled lizards
  A quokka skeleton (D:4)
  5 rats
68 creatures vanquished.

Notes
Turn   | Place    | Note
-------+----------+-------------------------------------------
     0 | D:1      | tsouns the Demonspawn Wanderer began the quest for the Orb.
     0 | D:1      | tsouns set off with: a +2 dagger, a potion of heal wounds, a potion of lignification, a +0 spear, a +0 robe, a bread ration
     0 | D:1      | Reached XP level 1. HP: 16/16 MP: 1/1
   171 | D:1      | Reached skill level 3 in Stealth
   171 | D:1      | Gained mutation: You have large cloven feet. [demonic ancestry]
   171 | D:1      | Reached XP level 2. HP: 21/22 MP: 2/2
   482 | D:1      | Reached skill level 1 in Short Blades
   841 | D:2      | Gained mutation: You are partially covered in thin metallic scales. (AC +2) [demonic ancestry]
   841 | D:2      | Reached XP level 3. HP: 24/28 MP: 3/3
  1941 | D:3      | Reached XP level 4. HP: 35/35 MP: 4/4
  2298 | D:3      | Found a radiant altar of Vehumet.
  2321 | D:3      | Found an ancient bone altar of Kikubaaqudgha.
  2322 | D:3      | Found a deep blue altar of Sif Muna.
  2328 | D:3      | Identified Kikubaaqudgha's Disquisition on Evil
  2331 | D:3      | Became a worshipper of Kikubaaqudgha
  2717 | D:3      | Reached skill level 4 in Stealth
  3343 | D:3      | Noticed Roxy's ghost (amateur FoFi)
  3484 | D:2      | Learned a level 1 spell: Pain
  3588 | D:2      | Reached XP level 5. HP: 21/41 MP: 5/5
  3963 | D:4      | Noticed an ogre
  3968 | D:4      | Killed an ogre
  3968 | D:4      | Reached skill level 5 in Stealth
  3968 | D:4      | Gained mutation: You have hoof-like feet. [demonic ancestry]
  3968 | D:4      | Reached XP level 6. HP: 47/47 MP: 6/6
  4034 | D:4      | Reached * piety under Kikubaaqudgha
  4034 | D:4      | Identified Kikubaaqudgha's Collected Works on Evil (Kikubaaqudgha gifted it to you on level 4 of the Dungeon)
  4034 | D:4      | Received a gift from Kikubaaqudgha
  4490 | D:4      | Killed from afar by an orc priest

Vault maps used:
D:1:      minmay_arrival_stone_box
D:2:      minmay_unequal
D:3:      grunt_temple_overflow_magic_moments, grunt_ministairs_9

Skill      XL: |  1  2  3  4  5 |
---------------+----------------+-----
Stealth        | 3 4 5 |  5.3
Short Blades   | 1 2 3 |  3.5
Fighting       | 3 |  3.1
Armour         | |  1.7
Dodging        | |  1.7
Evocations     | |  1.0

Action                   |  1- 3 |  4- 6 || total
-------------------------+-------+-------++-------
Melee: Dagger            |   126 |   293 ||   419
       Kick              |    23 |    54 ||    77
Throw: Stone             |       |     3 ||     3
       Tomahawk          |       |     7 ||     7
  Use: Potion            |     2 |     2 ||     4
       Scroll            |       |    10 ||    10
 Stab: Sleeping          |     8 |     2 ||    10
  Eat: Chunk             |     3 |     3 ||     6
       Meat ration       |       |     1 ||     1
Armor: Robe              |    20 |    79 ||    99
       Skin              |     6 |       ||     6
Dodge: Dodged            |    62 |   168 ||   230
